 Dungeon Crawl Stone Soup version 0.29-a0-330-g52719c12eb (webtiles) character file.

Game seed: 9206712684488282585

46 kae the Firebug (level 3, -4/28 HPs)
             Began as a Demigod Fire Elementalist on May 13, 2022.
             Slain by a gnoll
             ... wielding a +0 spear
              (8 damage)
             ... on level 2 of the Dungeon.
             The game lasted 00:00:35 (1584 turns).

kae the Firebug (Demigod Fire Elementalist)         Turns: 1584, Time: 00:00:36

Health: -4/28      AC:  2    Str:  9    XL:     3   Next: 27%
Magic:  2/8        EV: 12    Int: 21    God:
Gold:   74         SH:  0    Dex: 14    Spells: 0/6 levels left

rFire   . . .      SeeInvis .   (no weapon)
rCold   . . .      Faith    .   (no shield)
rNeg    . . .      Spirit   .   a - +0 robe
rPois   .          Reflect  .   (no helmet)
rElec   .          Harm     .   (no cloak)
rCorr   .          Rampage  .   (no gloves)
Will    .....                   (no boots)
Stlth   ++........              (no amulet)
HPRegen 0.09/turn               (no ring)
MPRegen 0.11/turn               (no ring)

@: attractive
A: high MP 1, forlorn, divine attributes
a: no special abilities


You were on level 2 of the Dungeon.
You visited 1 branch of the dungeon, and saw 2 of its levels.

You collected 74 gold pieces.

Inventory:

Armour
 a - a +0 robe (worn)
Scrolls
 d - a scroll of magic mapping {unknown}
Potions
 b - a potion of magic


   Skills:
 + Level 1.0 Fighting
 + Level 2.2 Dodging
 - Level 1.7 Stealth
 + Level 2.1 Spellcasting
 + Level 1.5 Conjurations
 + Level 3.0 Fire Magic


You couldn't memorise any spells.
You knew the following spells:

 Your Spells              Type           Power      Damage    Failure   Level
a - Foxfire               Conj/Fire      44%        2x1d6     6%          1
b - Scorch                Fire           30%        2d7       6%          2
c - Conjure Flame         Conj/Fire      11%        6-21      17%         3

Your spell library contained the following spells:

 Spells                   Type           Power      Damage    Failure   Level
 Inner Flame              Hex/Fire       8%         N/A       24%         3
 Flame Wave               Conj/Fire      11%        2d5       50%         4


Dungeon Overview and Level Annotations

Branches:
Dungeon (2/15)


Innate Abilities, Weirdness & Mutations

You have an increased reservoir of magic. (+10% MP)
You shall have no god before yourself.
Your divine heritage dramatically boosts your attributes as you level up.


Message History

You kill the gnoll!
Casting: Foxfire (safe; 6% risk of failure)
Confirm with . or Enter, or press ? or * to list all spells.
You conjure some foxfire!
The foxfire hits the gnoll.
The gnoll is lightly wounded.
The foxfire hits the gnoll.
The gnoll is heavily wounded.
A gnoll comes into view. It is wielding a +0 club.
The gnoll barely misses you.
There are monsters nearby!
Casting: Foxfire (safe; 6% risk of failure)
Confirm with . or Enter, or press ? or * to list all spells.
You conjure some foxfire!
The gnoll hits you from afar with a +0 spear.
The foxfire hits the gnoll.
The gnoll is severely wounded.
The foxfire hits the gnoll.
The gnoll is almost dead.
The gnoll hits you from afar with a +0 spear.
Casting: Foxfire (safe; 6% risk of failure)
Confirm with . or Enter, or press ? or * to list all spells.
You conjure some foxfire!
The gnoll hits you from afar with a +0 spear.
The foxfire hits the gnoll.
The gnoll is almost dead.
The foxfire hits the gnoll but does no damage.
The gnoll is almost dead.
The gnoll hits you with a +0 flail.
The gnoll hits you from afar with a +0 spear!
* * * LOW HITPOINT WARNING * * *
Unknown command.
Okay, then.
It was a potion of attraction.
You feel attractive to monsters. The gnoll misses you.
The gnoll barely misses you.
It was a potion of curing.
You feel better. The gnoll hits you with a +0 flail.
* * * LOW HITPOINT WARNING * * *
The gnoll hits you from afar with a +0 spear!
You die...

#####.......#
#(??#.......#
#!((#..#.####
#$)$#..#.#
#####..#.# #######
.......#.# #.....#
.......#.###.###.#
###..........# #.#
#.########.# #@#
#.<..gg#
......#g..#
............
............#
.####......##
.#...## #......


You could see 3 gnolls.

Vanquished Creatures
  A gnoll (D:2)
  2 dart slugs (D:1)
  6 ball pythons
  A bat (D:1)
  4 endoplasms (D:1)
  2 goblins (D:1)
  5 hobgoblins (D:1)
  2 jackals (D:1)
  A quokka (D:1)
  2 frilled lizards (D:1)
  2 kobolds (D:1)
  2 rats (D:1)
30 creatures vanquished.

Vanquished Creatures (others)
  157 foxfires
157 creatures vanquished.

Grand Total: 187 creatures vanquished

Notes
Turn   | Place    | Note
-------+----------+-------------------------------------------
     0 | D:1      | kae the Demigod Fire Elementalist began the quest for the
                  | Orb.
     0 | D:1      | Reached XP level 1. HP: 14/14 MP: 5/5
     1 | D:1      | Noticed an electric eel
    70 | D:1      | Reached skill level 1 in Conjurations
   370 | D:1      | Reached XP level 2. HP: 22/22 MP: 2/7
   992 | D:1      | Reached skill level 3 in Fire Magic
  1278 | D:1      | Reached XP level 3. HP: 27/27 MP: 5/8
  1281 | D:1      | Learned a level 2 spell: Scorch
  1285 | D:1      | Learned a level 3 spell: Conjure Flame
  1495 | D:2      | Reached skill level 1 in Fighting
  1584 | D:2      | Slain by a gnoll

Illustrated notes

Levels and vault maps discovered:
D:1:      arrival_aquarium_a, layout_basic,
          hellmonk_ecumenical_altar_arch_garden
D:2:      minmay_door_path, layout_loops_ring, serial_glass, glass_columns_b,
          glass_columns_b, due_unseen_surprise, minmay_strange_pillars,
          feat_on_display, feat_on_display, amethyst_killhole, minivault_4

Skill      XL: |  1  2  3 |
---------------+----------+-----
Conjurations   | 1 |  1.5
Dodging        | 2 |  2.2
Spellcasting   | 2 |  2.1
Fire Magic     | 3 |  3.0
Fighting       | 1 |  1.0
Stealth        | |  1.7

Action                   || total
-------------------------++-------
 Cast: Foxfire           ||    91
  Use: Potion            ||     2
       Scroll            ||     1
Dodge: Dodged            ||     7

Table legend: (Time is in decaauts)
 A = Elapsed time spent in this place.
 B = Non-inter-level travel time spent in this place.
 C = Inter-level travel time spent in this place.
 D = Time resting spent in this place.
 E = Time spent auto-exploring this place.
 F = Levels seen in this place.
 G = Mean time per level.
                   A        B        C        D        E       F      G
               +--------+--------+--------+--------+--------+-----+--------+
         Total |   1583 |   1562 |     21 |      0 |   1316 |   2 |  791.5 |
       Dungeon |   1583 |   1562 |     21 |      0 |   1316 |   2 |  791.5 |
               +--------+--------+--------+--------+--------+-----+--------+

Top non-repeatable levels by time:
     D:1: 1420 daAuts
     D:2: 163 daAuts
